Map: Ever Dream LE

Players

IIIIIIIIIIII

  • Race: Terran Terran
  • League: Grandmaster
  • Spawn Location: 7:00

ToIsengard - Winner!

  • Race: Protoss Protoss
  • League: Grandmaster
  • Spawn Location: 1:00

VOD

https://www.youtube.com/watch?v=YZNeI14_JRY

Description

Time

  • Played on: Sept. 15, 2020, 8:16 a.m.
  • Length: 10:13
Show
View Real Time Build Order
Export as new Build Order

IIIIIIIIIIII Terran 

Build Orders: Reaper Expand 

Get SALT Encoding   

  12  0:00  SCV  
  13  0:12  SCV  
  14  0:17  Supply Depot  
  14  0:25  SCV  
  15  0:39  SCV  
  15  0:40  Barracks  
  16  0:44  Refinery  
  16  0:51  SCV  
  17  1:03  SCV  
  18  1:15  SCV  
  19  1:28  Orbital Command, Reaper  
  20  1:40  Command Center  
  20  1:50  Supply Depot  
  20  1:53  SCV  
  21  1:59  Marine  
  22  2:08  SCV, Factory  
  22  2:14  Bunker  
  23  2:20  SCV  
  23  2:22  Marine  
  25  2:25  Refinery  
  25  2:32  SCV  
  26  2:40  Marine  
  27  2:45  SCV  
  27  2:55  Factory Tech Lab  
  27  2:57  Marine  
  28  3:00  Orbital Command  
  28  3:05  Engineering Bay  
  28  3:08  SCV  
  29  3:16  Cyclone  
  31  3:21  Mag-Field Accelerator  
  31  3:22  SCV  
  30  3:34  SCV, Missile Turret  
  30  3:37  Orbital Command, Marine  
  28  3:53  Cyclone  
  30  3:58  Marine  
  30  4:00  SCV  
  25  4:08  Supply Depot  
  25  4:13  SCV  
  25  4:15  Marine  
  27  4:21  SCV  
  28  4:25  SCV, Cyclone  
  32  4:33  SCV, Marine  
  32  4:37  SCV  
  34  4:45  SCV  
  35  4:49  SCV  
  35  4:51  Marine  
  37  4:57  Cyclone  
  40  5:03  Supply Depot  
  40  5:07  Supply Depot x2, Starport  
  39  5:09  Marine  
  37  5:18  SCV  
  37  5:23  Barracks  
  37  5:27  Marine  
  37  5:29  Cyclone  
  40  5:41  SCV x2  
  42  5:45  Marine  
  41  5:53  SCV  
  42  5:58  Refinery  
  42  6:01  Cyclone  
  42  6:02  Marine  
  46  6:16  Medivac, Marine  
  46  6:18  SCV  
  49  6:19  SCV  
  49  6:20  Marine  
  51  6:34  Marine  
  51  6:39  Marine  
  50  6:42  SCV x2  
  52  6:52  Marine  
  52  6:58  SCV x2  
  53  7:02  Cyclone  
  56  7:18  SCV  
  56  7:19  SCV  
  58  7:27  Marine x2  
  60  7:43  Cyclone  
  60  7:45  Marine  
  60  7:51  Marine  
  60  8:03  Marine  
  60  8:08  Marine  
  61  8:15  Cyclone  
  59  8:21  Marine  
  59  8:23  Medivac  
  56  8:48  Cyclone  
  47  9:09  Marine x2  
  46  9:12  Missile Turret  
  41  9:20  Cyclone  
  40  9:27  Marine x2  
  39  9:34  Missile Turret  
  37  9:39  SCV x2  
  37  9:44  Marine  
  37  9:45  Marine  
Show
View Real Time Build Order
Export as new Build Order

ToIsengard Protoss - Winner!

Build Orders:  

Get SALT Encoding   

  12  0:09  Pylon  
  12  0:12  Probe  
  13  0:27  Gateway  
  13  0:30  Probe (Chrono Boost)  
  14  0:40  Probe (Chrono Boost), Assimilator  
  15  0:45  Probe (Chrono Boost)  
  15  0:49  Assimilator  
  16  0:56  Probe  
  17  1:08  Probe  
  18  1:13  Cybernetics Core  
  18  1:21  Probe  
  19  1:29  Pylon  
  19  1:33  Probe  
  21  1:47  Adept (Chrono Boost)  
  21  1:50  Stargate  
  21  1:52  Probe  
  23  1:59  Shield Battery  
  23  2:05  Probe  
  24  2:10  Adept  
  26  2:17  Probe  
  27  2:24  Pylon  
  27  2:27  Void Ray (Chrono Boost)  
  30  2:57  Void Ray (Chrono Boost)  
  30  3:03  Adept  
  36  3:07  Pylon  
  36  3:31  Void Ray (Chrono Boost)  
  38  3:57  Probe  
  37  4:08  Fleet Beacon  
  37  4:09  Probe, Pylon  
  38  4:15  Void Ray (Chrono Boost)  
  42  4:29  Shield Battery  
  42  4:31  Shield Battery  
  42  4:32  Shield Battery  
  42  4:55  Nexus  
  42  5:05  Tempest (Chrono Boost)  
  47  5:18  Shield Battery  
  47  5:20  Pylon  
  47  5:40  Tempest (Chrono Boost)  
  52  5:57  Shield Battery  
  48  6:00  Probe, Shield Battery  
  49  6:08  Shield Battery  
  49  6:09  Probe  
  50  6:14  Probe  
  51  6:21  Probe  
  52  6:26  Probe  
  52  6:27  Tempest (Chrono Boost)  
  58  6:35  Probe  
  58  6:39  Probe  
  60  6:47  Probe  
  60  6:51  Probe  
  60  6:52  Shield Battery  
  60  6:54  Shield Battery  
  62  7:00  Tempest (Chrono Boost)  
  67  7:10  Probe  
  67  7:11  Probe  
  67  7:13  Shield Battery  
  69  7:20  Shield Battery  
  69  7:25  Shield Battery  
  69  7:28  Probe  
  70  7:30  Unknown  
  64  7:38  Tempest  
  67  7:48  Probe  
  67  7:49  Probe  
  59  8:00  Probe  
  59  8:01  Probe  
  61  8:12  Probe  
  61  8:13  Probe  
  61  8:24  Probe  
  61  8:25  Probe  
  61  8:26  Warp Gate  
  59  8:28  Assimilator  
  59  8:36  Probe  
  59  8:37  Probe  
  61  8:48  Probe  
  61  8:49  Probe  
  63  8:58  Tempest (Chrono Boost)  
  63  9:00  Probe  
  63  9:01  Probe  
  62  9:03  Assimilator  
  62  9:12  Probe  
  62  9:14  Probe  
  64  9:23  Nexus  
  64  9:24  Probe  
  64  9:26  Probe  
  66  9:35  Tempest (Chrono Boost)  
  66  9:37  Probe  
  66  9:38  Probe  
  68  9:40  Pylon  
  73  9:49  Probe  
  73  9:50  Probe  
  75  10:01  Probe  
  77  10:13  Gateway  
Tags
 
Add a new tag
Caveats
  • Supply blocks, unpowered buildings, or Contaminate may cause inaccurate times.
  • Supply counts are checked every 10 seconds.